 Dungeon Crawl Stone Soup version 0.30-a0-457-g4b7bca3bfa (webtiles) character file.

Game seed: 18387924819234236992

94 funkygono the Firebug (level 4, -1/30 HPs)
             Began as a Demonspawn Fire Elementalist on Dec 12, 2022.
             Splashed by a jelly's acid (8 damage)
             ... on level 3 of the Dungeon.
             The game lasted 00:03:51 (2490 turns).

funkygono the Firebug (DsFE)                        Turns: 2490, Time: 00:03:52

Health: -1/30      AC: -4    Str:  8    XL:     4   Next: 38%
Magic:  5/8        EV: 12    Int: 19    God:
Gold:   69         SH:  0    Dex: 13    Spells: 3/9 levels left

rFire   . . .      SeeInvis .    q - +0 morningstar
rCold   . . .      Faith    .    (no shield)
rNeg    . . .      Spirit   .    a - +0 robe
rPois   .          Reflect  .    (no helmet)
rElec   .          Harm     .    (no cloak)
rCorr   .          Rampage  .    (no gloves)
Will    +....                    (no boots)
Stlth   ++........               (no amulet)
HPRegen 0.25/turn                n - ring of willpower
MPRegen 0.11/turn                (no ring)

@: corroded
A: yellow scales 1, powered by death 2
a: no special abilities


You were on level 3 of the Dungeon.
You visited 1 branch of the dungeon, and saw 3 of its levels.

You collected 69 gold pieces.

Inventory:

Hand Weapons
 d - a +0 dagger
 q - a +0 morningstar (weapon)
Armour
 a - a +0 robe (worn)
Jewellery
 n - a ring of willpower (left hand)
Scrolls
 c - a scroll of blinking {unknown}
 g - a scroll of enchant armour {unknown}
 h - a scroll of magic mapping {unknown}
 k - a scroll of identify {unknown}
 l - a scroll of vulnerability {unknown}
 m - a scroll of noise {unknown}
 o - 2 scrolls of poison {unknown}
 p - a scroll of torment {unknown}
Potions
 b - a potion of magic
 e - a potion of curing {unknown}
 f - a potion of degeneration {unknown}
 i - a potion of brilliance {unknown}
 j - 2 potions of resistance {unknown}


   Skills:
 + Level 2.1 Dodging
 - Level 1.7 Stealth
 + Level 3.0 Spellcasting
 + Level 1.6 Conjurations
 + Level 3.7 Fire Magic


You had 3 spell levels left.
You knew the following spells:

 Your Spells              Type           Power      Damage    Failure   Level
a - Foxfire               Conj/Fire      52%        2x1d6     4%          1
b - Scorch                Fire           32%        2d6       4%          2
c - Kindle Blastsparks    Fire/Tloc/Air  14%        2d11      26%         3

Your spell library contained the following spells:

 Spells                   Type           Power      Damage    Failure   Level
 Sublimation of Blood     Necr           2%         N/A       22%         2
 Wereblood                Tmut           2%         N/A       22%         2
 Inner Flame              Hex/Fire       9%         N/A       22%         3
 Flame Wave               Conj/Fire      13%        2d6       45%         4
 Summon Hydra             Summ           1%         N/A       100%        7


Dungeon Overview and Level Annotations

Branches:
Dungeon (3/15)

Altars:

Shops:
D:1 =


Innate Abilities, Weirdness & Mutations

You are partially covered in yellow scales. (AC +2)
You regenerate health from kills.


Message History

Confirm with . or Enter, or press ? or * to list all spells.
You conjure some foxfire!
The foxfire hits the orc.
The orc is moderately wounded.
Unknown command.
Casting: Foxfire (safe; 4% risk of failure)
Confirm with . or Enter, or press ? or * to list all spells.
Flames lash the orc.
You kill the orc!
Unknown command.
Your foxfire dissipates! x2
Magic restored.
Found a stone staircase leading up.
You see here a +0 morningstar.
q - a +0 morningstar
q - a +0 morningstar (weapon)
Unknown command.
You now have 69 gold pieces (gained 7).
A jelly comes into view.
The jelly quivers.
Casting: Scorch (safe; 4% risk of failure)
Confirm with . or Enter, or press ? or * to list all spells.
You conjure some foxfire!
The foxfire hits the jelly.
The jelly is moderately wounded.
Casting: Foxfire (safe; 4% risk of failure)
Confirm with . or Enter, or press ? or * to list all spells.
Flames lash the jelly.
The jelly is heavily wounded.
The jelly's fire resistance burns away.
The foxfire hits the jelly.
The jelly is burned terribly!
The jelly is almost dead.
You hit the jelly but do no damage.
Your hands burn!
The jelly is almost dead.
The jelly hits you. The acid corrodes you!
You are splashed with acid.
The jelly hits you. The acid corrodes you!
You are splashed with acid!
You barely miss the jelly.
The jelly is almost dead.
The jelly hits you.
* * * LOW HITPOINT WARNING * * *
The acid corrodes you!
You are splashed with acid!
You die...

#...<..# #.#.##.#
#.#....#
.#####.###..#
........##..# ##
#......#
....####.##.##
##.........########
....<....###..@....#
#.#.#####......J.#$#
.. #.##.###.# .
#.#.... ... #.#..###
#.# #.#..# .# ......
# ..#.## ..#


You could see a jelly (combustible).

Vanquished Creatures
  2 adders (D:2)
  2 worms (D:2)
  3 dart slugs
  An orc (D:3)
  6 ball pythons
  6 endoplasms
  3 giant cockroaches
  5 goblins
  8 hobgoblins
  10 jackals
  2 quokkas
  2 frilled lizards
  5 rats
55 creatures vanquished.

Vanquished Creatures (collateral kills)
  5 foxfires (D:2)
5 creatures vanquished.

Vanquished Creatures (others)
  164 foxfires
  31 plants (D:2)
195 creatures vanquished.

Grand Total: 255 creatures vanquished

Notes
Turn   | Place    | Note
-------+----------+-------------------------------------------
     0 | D:1      | funkygono the Demonspawn Fire Elementalist began the quest
                  | for the Orb.
     0 | D:1      | Reached XP level 1. HP: 13/13 MP: 3/3
    95 | D:1      | Found Soipp's One-of-a-Kind Rings.
   153 | D:1      | Gained mutation: You are partially covered in yellow
                  | scales. (AC +2) [demonic ancestry]
   153 | D:1      | Reached XP level 2. HP: 17/19 MP: 0/5
   324 | D:1      | Learned a level 2 spell: Scorch
   698 | D:1      | Gained mutation: You regenerate a little health from kills.
                  | [demonic ancestry]
   698 | D:1      | Reached XP level 3. HP: 24/24 MP: 1/6
  1319 | D:2      | Gained mutation: You regenerate health from kills. [demonic
                  | ancestry]
  1319 | D:2      | Reached XP level 4. HP: 30/30 MP: 3/7
  1622 | D:2      | Learned a level 3 spell: Kindle Blastsparks
  2490 | D:3      | Splashed by a jelly's acid

Illustrated notes

Levels and vault maps discovered:
D:1:      dpeg_arrival_tiny_a, layout_basic, minmay_misc_feat_tiny,
          nicolae_shop_unique_rings
D:2:      wad_woods_pond, layout_loops_ring, serial_bayou_lake_a
D:3:      layout_loops_cross, nicolae_vehumet_radiance, uniq_grinder

Skill      XL: |  1  2  3  4 |
---------------+-------------+-----
Dodging        | 2 |  2.1
Fire Magic     | 3 |  3.7
Spellcasting   | 3 |  3.0
Stealth        | |  1.7
Conjurations   | |  1.6

Action                   |  1- 3 |  4- 6 || total
-------------------------+-------+-------++-------
Melee: Dagger            |     6 |     1 ||     7
       Morningstar       |       |     2 ||     2
 Cast: Foxfire           |    68 |    30 ||    98
       Scorch            |     1 |     4 ||     5
Armor: Robe              |    13 |       ||    13
Dodge: Dodged            |    19 |       ||    19

Table legend: (Time is in decaauts)
 A = Elapsed time spent in this place.
 B = Non-inter-level travel time spent in this place.
 C = Inter-level travel time spent in this place.
 D = Time resting spent in this place.
 E = Time spent auto-exploring this place.
 F = Levels seen in this place.
 G = Mean time per level.
                   A        B        C        D        E       F      G
               +--------+--------+--------+--------+--------+-----+--------+
         Total |   2532 |   2483 |     49 |      0 |   2114 |   3 |  844.0 |
       Dungeon |   2532 |   2483 |     49 |      0 |   2114 |   3 |  844.0 |
               +--------+--------+--------+--------+--------+-----+--------+

Top non-repeatable levels by time:
     D:2: 1476 daAuts
     D:1: 983 daAuts
     D:3: 72 daAuts
